 Dungeon Crawl Stone Soup version 0.20.0-8-g6b59dc7 (webtiles) character file.

52 DrakieV the Cutter (level 4, -1/29 HPs)
             Began as a Kobold Berserker on May 31, 2017.
             Was a Follower of Trog.
             Slain by a hobgoblin (4 damage)
             ... led by Robin
             ... on level 2 of the Dungeon.
             The game lasted 00:02:36 (1447 turns).

DrakieV the Cutter (Kobold Berserker)               Turns: 1447, Time: 00:02:36

Health: -1/29      AC:  2    Str: 14    XL:     4   Next: 8%
Magic:  4/4        EV: 16    Int:  8    God:    Trog [*.....]
Gold:   78         SH:  0    Dex: 15    Spells: 3/3 levels left

rFire    . . .     SeeInvis .   a - +0 short sword
rCold    . . .     Gourm    .   (shield restricted)
rNeg     . . .     Faith    .   b - +0 animal skin
rPois    .         Spirit   .   (no helmet)
rElec    .         Reflect  .   (no cloak)
rCorr    .         Harm     .   (no gloves)
MR       .....                  (no boots)
Stlth    ++........             (no amulet)
Regen    0.1/turn               (no ring)
MPRegen  0.1/turn               (no ring)

@: berserk cooldown, slowed, very slow
A: carnivore 3
a: Berserk, Burn Spellbooks, Renounce Religion


You were on level 2 of the Dungeon.
You worshipped Trog.
Trog was aware of your devotion.
You were very full.

You visited 1 branch of the dungeon, and saw 2 of its levels.

You collected 78 gold pieces.


Innate Abilities, Weirdness & Mutations

You are small and have problems with some larger weapons.
You are carnivorous and can eat meat at any time.


   Skills:
 + Level 4.0 Fighting
 + Level 4.9 Short Blades
 - Level 1.5 Armour
 + Level 3.2 Dodging
 + Level 0.4 Stealth


You had 3 spell levels left.
You didn't know any spells.

Dungeon Overview and Level Annotations

Branches:
Dungeon (2/15)

Altars:

Annotations:
D:2 Robin

Inventory:

Hand Weapons
 a - a +0 short sword (weapon)
Armour
 b - a +0 animal skin (worn)
 l - a +0 cloak
   (You found it on level 2 of the Dungeon)
Scrolls
 g - a scroll of identify {@r1}
 k - a scroll of remove curse {unknown}
Potions
 e - a potion of heal wounds {unknown}
 f - a potion of invisibility
 h - a potion of haste {unknown}
 i - a potion of cancellation {unknown}
 j - a potion of flight {unknown}
Comestibles
 c - a meat ration {@e2}
 d - 5 chunks of flesh

######. #.. #.#
##. #.# #.# #.#
.. #.# #.##.#
..#.# #.#.#
.#####.#.######
........)g@gg.#
#####...####.#
##..# .# #..#
g# #..# g# #..#
gb #..# .. ##>#
r. #.#


You could see Robin, a hobgoblin and a goblin.


Message History

The goblin shouts!
The hobgoblin shouts!
The goblin shouts! x3
The goblin moves out of view.
Robin completely misses you.
You barely miss Robin. The goblin completely misses you.
You hit Robin but do no damage. The goblin completely misses you.
You hit the goblin.
You kill the goblin!
Trog accepts your kill.
The goblin unwields an uncursed club.
The goblin wields a hunting sling.
The goblin shoots a stone.
The stone misses you. Robin misses you.
A bat and a quokka come into view.
Robin closely misses you. Robin throws the goblin at you!
The goblin unwields an uncursed hunting sling.
The goblin wields an uncursed club.
The goblin misses you.
You closely miss the goblin.
Robin roars a battlecry!
The goblin barely misses you.
You barely miss the goblin. Robin misses you. The goblin closely misses you.
The goblin hits you with a club.
You miss the goblin. Robin barely misses you.
The goblin hits you with an uncursed club.
The goblin misses you.
You hit the goblin.
You kill the goblin!
Trog accepts your kill. Robin completely misses you. The goblin misses you.
You closely miss the goblin. Robin barely misses you.
The goblin completely misses you.
You hit the goblin.
The goblin is severely wounded.
Robin hits you from afar with a spear of piercing.
* * * LOW HITPOINT WARNING * * *
x2 The goblin barely misses you.
Robin hits you from afar with a spear of piercing.
* * * LOW HITPOINT WARNING * * *
x2 You are too injured to fight recklessly!
You hit the goblin.
You kill the goblin!
Trog accepts your kill. Robin misses you. Robin throws the goblin at you!
* * * LOW HITPOINT WARNING * * *
The goblin hits you with a dagger.
* * * LOW HITPOINT WARNING * * *
Items here: ( ))) † an uncursed club; an uncursed hunting sling; 13 stones; a dagger a goblin corpse You closely miss the goblin.
The hobgoblin no longer looks unusually strong.
The hobgoblin hits you.
You die...

Vault maps used:
D:1:      dpeg_arrival_rhombus
D:2:      uniq_jessica, uniq_robin, uniq_sigmund

Vanquished Creatures
  An adder (D:2)
  A leopard gecko (D:2)
  A ball python (D:1)
  3 giant cockroaches
  9 goblins
  9 hobgoblins
  5 kobolds (D:1)
  A quokka (D:1)
  2 frilled lizards
  3 rats
35 creatures vanquished.

Table legend:
 A = Turns spent in this place as a percentage of turns spent in the entire game.
 B = Non-inter-level travel turns spent in this place as a percentage of non-inter-level travel turns spent in the entire game.
 C = Inter-level travel turns spent in this place as a percentage of turns spent in this place.
 D = Turns resting spent in this place as a percentage of non-inter-level travel turns spent in this place.
 E = Turns spent auto-exploring this place as a percentage of non-inter-level travel turns spent in this place.
 F = Non-inter-level travel turns spent in this place divided by the number of levels of this place that you've seen.
                   A       B       C       D       E      F
               +-------+-------+-------+-------+-------+----------------------
         Total | 100.0 | 100.0 |   0.3 |   4.4 |  15.4 | 159.5
       Dungeon | 100.0 | 100.0 |   0.3 |   4.4 |  15.4 | 159.5
               +-------+-------+-------+-------+-------+----------------------

Table legend:
 A = Kills in this place as a percentage of kills in entire the game.
 B = Kills by you in this place as a percentage of kills by you in the entire game.
 C = Kills by friends in this place as a percentage of kills by friends in the entire game.
 D = Other kills in this place as a percentage of other kills in the entire game.
 E = Experience gained in this place as a percentage of experience gained in the entire game.
 F = Experience gained in this place divided by the number of levels of this place that you have seen.
                   A       B       C       D       E      F
               +-------+-------+-------+-------+-------+----------------------
         Total | 100.0 | 100.0 |  -nan |  -nan | 100.0 |  37.5
       Dungeon | 100.0 | 100.0 |  -nan |  -nan | 100.0 |  37.5
               +-------+-------+-------+-------+-------+----------------------

Notes
Turn   | Place    | Note
-------+----------+-------------------------------------------
     0 | D:1      | DrakieV the Kobold Berserker began the quest for the Orb.
     0 | D:1      | Reached XP level 1. HP: 14/14 MP: 1/1
   152 | D:1      | Reached XP level 2. HP: 19/19 MP: 2/2
   651 | D:1      | Reached XP level 3. HP: 16/24 MP: 3/3
  1191 | D:2      | Reached skill level 3 in Dodging
  1387 | D:2      | Reached skill level 4 in Fighting
  1431 | D:2      | Noticed Robin
  1431 | D:2      | Reached XP level 4. HP: 29/29 MP: 4/4
  1444 | D:2      | HP: 5/29 [Robin/spear of piercing (4)]
  1446 | D:2      | HP: 2/29 [goblin/dagger[Robin] (1)]
  1447 | D:2      | Slain by a hobgoblin

Action                   |  1- 3 |  4- 6 || total
-------------------------+-------+-------++-------
Melee: Short sword       |   100 |    11 ||   111
Invok: Berserk           |     1 |       ||     1
  Use: Scroll            |     1 |       ||     1
 Stab: Distracted        |     1 |       ||     1
  Eat: Chunk             |    10 |       ||    10
Armor: Animal skin       |     4 |       ||     4
Dodge: Dodged            |    70 |    18 ||    88
